 Dungeon Crawl Stone Soup version 0.31-a0-728-g01b46875f1 (webtiles) character file.

Game seed: 3709307951453742994

5030 cforsyth the Fighter (level 10, -9/74 HPs)
             Began as a Djinni Chaos Knight on Sept 11, 2023.
             Was a Priest of Hepliaklqana.
             Mangled by a polar bear (22 damage)
             ... on level 10 of the Dungeon.
             The game lasted 00:15:37 (9987 turns).

cforsyth the Fighter (Djinni Chaos Knight)          Turns: 9987, Time: 00:15:37

Health: -9/74      AC: 14    Str: 15    XL:     10   Next: 85%
Gold:   85         EV: 11    Int: 25    God:    Hepliaklqana [***...] SH:  0 Dex:  8

rFire   + . .        a - +0 falchion (chaos)
rCold   + + .        (no shield)
rNeg    . . .        M - +4 leather armour of a treasure trove {rElec Stlth+}
rPois   ∞            (helmet restricted)
rElec   +            b - +2 cloak {rPois}
rCorr   .            e - +1 pair of gloves
SInv    +            (boots unavailable)
Will    ++...        D - amulet of regeneration
Stlth   ++           r - ring of willpower
HPRegen 1.12/turn    p - ring of the Komtur {rF- rC+++ Int+7 Dex-3 SInv}
MPRegen 0.00/turn

%: random rage (3%), infuse magic (-10 HP)
@: flying
A: reduced essence, sickness immunity, fire resistance 2, cold vulnerability 1,
float, innate caster, HP casting, extra vitality 1, antennae 2, iridescent
scales 1, berserk 1, sense surroundings 1, strong 1, inability to read after
injury 1, noise suppression
a: Renounce Religion, Recall Ancestor, Ancestor Identity, Transference


You were on level 10 of the Dungeon.
You worshipped Hepliaklqana.
Hepliaklqana was most pleased with you.
You visited 2 branches of the dungeon, and saw 11 of its levels.

You collected 569 gold pieces.
You spent 484 gold pieces at shops.

Inventory:

Hand Weapons
 a - a +0 falchion of chaos (weapon)
Armour
 b - a +2 cloak of poison resistance (worn)
 e - a +1 pair of gloves (worn)
 M - the +4 leather armour of a treasure trove (worn) {rElec Stlth+}
   (You bought it in a shop on level 1 of the Dungeon)

   rElec:     It insulates you from electricity.
   Stlth+:    It makes you more stealthy.
Jewellery
 k - a +6 ring of strength
 p - the ring of the Komtur (right hand) {rF- rC+++ Int+7 Dex-3 SInv}
   (You found it on level 3 of the Dungeon)

   [ring of see invisible]

   Int+7:     It affects your intelligence (+7).
   Dex-3:     It affects your dexterity (-3).
   rF-:       It makes you vulnerable to fire.
   rC+++:     It renders you almost immune to cold.
   SInv:      It lets you see invisible.
 r - a ring of willpower (left hand)
 y - a ring of protection from fire
 D - an amulet of regeneration (around neck)
 G - a ring of positive energy
 H - a +6 ring of strength
Wands
 q - a wand of flame (17)
Scrolls
 c - a scroll of butterflies
 d - 3 scrolls of fear {unknown}
 f - 6 scrolls of teleportation {unknown}
 g - 11 scrolls of identify {unknown}
 l - a scroll of summoning {unknown}
 n - a scroll of fog {unknown}
 t - a scroll of vulnerability {unknown}
 u - 3 scrolls of poison {unknown}
 w - 2 scrolls of enchant armour {unknown}
 A - 3 scrolls of enchant weapon {unknown}
 B - 2 scrolls of blinking {unknown}
 C - a scroll of noise {unknown}
 F - a scroll of acquirement {unknown}
 J - a scroll of silence {unknown}
Potions
 h - 2 potions of invisibility {unknown}
 i - 4 potions of brilliance {unknown}
 j - 6 potions of curing {unknown}
 m - 2 potions of berserk rage {unknown}
 o - 4 potions of might {unknown}
 s - a potion of attraction {unknown}
 v - 3 potions of lignification {unknown}
 x - a potion of cancellation {unknown}
 z - a potion of heal wounds {unknown}
 E - a potion of magic {unknown}
 I - a potion of haste {unknown}
 K - a potion of mutation {unknown}


   Skills:
 + Level 11.2 Fighting
 - Level 2.6 Long Blades
 - Level 1.0 Armour
 - Level 2.1 Dodging
 + Level 8.0 Spellcasting
 + Level 8.0 Conjurations
 + Level 8.0 Hexes
 + Level 8.0 Summonings
 + Level 8.0 Necromancy
 + Level 8.0 Translocations
 + Level 8.0 Transmutations
 + Level 8.0 Fire Magic
 + Level 8.0 Ice Magic
 + Level 8.0 Air Magic
 + Level 8.0 Earth Magic
 + Level 8.0 Poison Magic


You knew the following spells:

 Your Spells              Type           Power      Damage    Failure   Level
a - Necrotise             Necr           100%       1d9       1%          1
b - Poisonous Vapours     Pois/Air       100%       N/A       1%          2
c - Lesser Beckoning      Tloc           100%       N/A       1%          2
d - Dazzling Flash        Conj/Hex       100%       N/A       1%          3
Your spell library was empty.

Dungeon Overview and Level Annotations

Branches:
Dungeon (10/15)            Temple (1/1) D:4            Lair (0/5) D:10
    Orc: D:9-12

Altars:
Ashenzari
Cheibriados
Dithmenos
Elyvilon
Fedhas
Gozag
Hepliaklqana
Makhleb
Nemelex Xobeh
Okawaru
Qazlal
Ru
Trog
Uskayaw
Wu Jian
Xom
Yredelemnul
Zin
The Shining One

Shops:
D:1 [   D:3 *:!   D:5 [


Innate Abilities, Weirdness & Mutations

Your life essence is reduced to manifest your ancestor. (-10% HP)
You are immune to sickness and miasma.
You are immune to poison.
Your flesh is very heat resistant. (rF++)
You are vulnerable to cold. (rC-)
You float through the air rather than walking.
You learn spells naturally, not from books.
Your magical power is your life essence.
You have superior vitality. (+4 MHP)
You have a pair of antennae on your head.
You are partially covered in iridescent scales. (AC +2)
You sometimes lose your temper in combat.
You passively map a small area around you.
Your muscles are strong. (Str +4, Int/Dex -1)
You occasionally lose the ability to read scrolls when taking damage.
You passively dampen the noise of your surroundings.


Message History

Press: ? - help, Dir - move target, f - polar bear
Aim: a polar bear (severely wounded, blind, ally target) Poisonous vapours surround the polar bear!
The polar bear is poisoned.
The polar bear is no longer blind.
The wolf misses Quintus.
The wolf closely misses Quintus.
You hit the polar bear but do no damage.
The polar bear is severely wounded.
Quintus blocks the wolf's attack.
Quintus completely misses the wolf.
The polar bear goes berserk!
The wolf bites Quintus but does no damage.
You hit the polar bear.
The polar bear is severely wounded.
The polar bear misses you.
The polar bear claws you but does no damage.
The polar bear misses you.
Quintus blocks the wolf's attack.
Quintus hits the wolf with a +0 flail!
The polar bear closely misses you. x2
The polar bear claws you.
Quintus blocks the wolf's attack.
You hit the polar bear but do no damage.
The polar bear is severely wounded.
The wolf bites Quintus but does no damage.
The polar bear completely misses you. The polar bear closely misses you. x2
Quintus hits the wolf with a +0 flail!
The wolf barely misses Quintus.
The polar bear barely misses you. x3
You hit the polar bear.
The polar bear looks as sick as possible!
The polar bear is severely wounded.
The wolf bites Quintus but does no damage.
The polar bear bites you!!
* * * LOW HITPOINT WARNING * * *
The polar bear claws you.
* * * LOW HITPOINT WARNING * * *
The polar bear claws you but does no damage.
You hit the polar bear but do no damage.
The polar bear is almost dead.
Quintus blocks the wolf's attack.
The polar bear completely misses you.
The polar bear claws you but does no damage.
The polar bear barely misses you.
Quintus hits the wolf with a +0 flail!
The wolf dies!
The polar bear bites you!!
You die...

* * #.##...#
########### ,
#>.....#####
#..........#
#..........##
#...........# ,,
#...?.......#
#..?...##...###
*#####.........#
##@.........# *
##.h.††.......
#..R....#..... ,
#~.†...........
#....##....#.#.
*
#~....####.###..
* * ##....# *
..# #. *
.~.....*, )..# *
........ >...,


You could see the friendly Quintus the knight and a polar bear (berserk,
extremely poisoned).

Vanquished Creatures
  2 yaks (D:10)
  2 steam dragons
  3 ice beasts
  4 orc warriors
  3 black bears
  An ogre (D:5)
  A centaur (D:9)
  4 scorpions
  A bullfrog (D:7)
  5 killer bees (D:9)
  5 hounds
  2 orc priests
  2 iguanas
  9 orc wizards
  2 sleepcaps
  6 gnolls
  5 adders
  3 white imps
  2 worms
  2 dart slugs (D:2)
  20 orcs
  2 bats (D:2)
  2 endoplasms
  4 goblins
  13 hobgoblins
  2 jackals (D:4)
  A quokka (D:2)
  6 ball pythons
  3 frilled lizards (D:1)
  9 kobolds
  4 rats
130 creatures vanquished.

Vanquished Creatures (collateral kills)
  An unseen horror (D:9)
  A rime drake (D:10)
  A hornet (D:9)
  3 yaks (D:10)
  An orc warrior (D:7)
  An ice beast (D:10)
  3 wolves (D:10)
  2 centaurs
  A kobold brigand (D:8)
  4 bullfrogs
  3 howler monkeys (D:9)
  Crazy Yiuf (D:5)
  A jelly (D:8)
  An iguana (D:7)
  An orc wizard (D:9)
  A gnoll (D:7)
  10 orcs
  An endoplasm (D:2)
  A goblin (D:4)
  3 kobolds (D:8)
41 creatures vanquished.

Vanquished Creatures (others)
  A knight (D:10)
  2 ancestors (D:6)
  A shadow imp (D:6)
4 creatures vanquished.

Grand Total: 175 creatures vanquished

Notes
Turn   | Place    | Note
-------+----------+-------------------------------------------
     0 | D:1      | cforsyth the Djinni Chaos Knight began the quest for the
                  | Orb.
     0 | D:1      | Reached XP level 1. HP: 20/20 MP: 0/0
    34 | D:1      | XOM: silly message
    99 | D:1      | Found Gompaos's Armour Shoppe.
   131 | D:1      | XOM: silly message
   145 | D:1      | XOM: silly message
   212 | D:1      | XOM: divination: detect items
   217 | D:1      | Reached XP level 2. HP: 25/25 MP: 0/0
   845 | D:2      | Reached skill level 1 in Spellcasting
   845 | D:2      | Reached skill level 1 in Conjurations
   845 | D:2      | Reached skill level 1 in Hexes
   845 | D:2      | Reached skill level 1 in Summonings
   845 | D:2      | Reached skill level 1 in Necromancy
   845 | D:2      | Reached skill level 1 in Translocations
   845 | D:2      | Reached skill level 1 in Transmutations
   845 | D:2      | Reached skill level 1 in Fire Magic
   845 | D:2      | Reached skill level 1 in Ice Magic
   845 | D:2      | Reached skill level 1 in Air Magic
   845 | D:2      | Reached skill level 1 in Earth Magic
   845 | D:2      | Reached skill level 1 in Poison Magic
   845 | D:2      | Reached XP level 3. HP: 21/30 MP: 0/0
   845 | D:2      | Learned a level 1 spell: Necrotise
   973 | D:2      | XOM: 4-stop teleportation journey
  1062 | D:2      | Found a faded altar of an unknown god.
  1617 | D:2      | XOM: scenery: create altars
  1704 | D:3      | Found Muiri's Distillery.
  1727 | D:3      | Reached XP level 4. HP: 31/37 MP: 0/0
  1755 | D:3      | XOM: give mutation
  1755 | D:3      | Gained mutation: You have a pair of small antennae on your
                  | head. [Xom's mischief]
  1764 | D:3      | Found Baikhlon's Book Shoppe.
  1764 | D:3      | XOM: stat loss: -1 Dex (11/12)
  1770 | D:3      | Found Ushuuxt's Assorted Antiques.
  1798 | D:3      | Bought a scroll labelled KUYNWE DOU for 20 gold pieces
  1798 | D:3      | Bought a bubbling blue potion for 18 gold pieces
  1798 | D:3      | Bought a scroll labelled TABOCU LIZYOH for 20 gold pieces
  1798 | D:3      | Bought a lumpy dark potion for 18 gold pieces
  1798 | D:3      | Bought a scroll labelled TABOCU LIZYOH for 20 gold pieces
  1822 | D:3      | Identified the ring of the Komtur {rF- rC+++ Int+7 Dex-3
                  | SInv}
  2043 | D:3      | XOM: give mutation
  2043 | D:3      | Gained mutation: You are partially covered in iridescent
                  | scales. (AC +2) [Xom's mischief]
  2411 | D:4      | Reached skill level 4 in Fighting
  2423 | D:4      | XOM is BORED!
  2545 | D:4      | XOM: blink monster(s)
  2621 | D:4      | Noticed a scorpion
  2636 | D:4      | XOM: noise
  2640 | D:4      | Killed a scorpion
  2641 | D:4      | Reached XP level 5. HP: 36/42 MP: 0/0
  2641 | D:4      | Learned a level 2 spell: Poisonous Vapours
  2739 | D:4      | Noticed a black bear
  2742 | D:4      | XOM: repel stairs
  2759 | D:4      | XOM: enchant monster (bad)
  2765 | D:4      | Killed a black bear
  2766 | D:4      | Reached skill level 5 in Fighting
  2766 | D:4      | Reached XP level 6. HP: 29/49 MP: 0/0
  2954 | D:4      | Found a staircase to the Ecumenical Temple.
  2987 | D:4      | XOM: 2-stop teleportation journey
  2993 | Temple   | Entered the Ecumenical Temple
  3020 | Temple   | Fell from the grace of Xom
  3020 | Temple   | Became a worshipper of Hepliaklqana the Forgotten
  3762 | D:5      | Entered Level 5 of the Dungeon
  3762 | D:5      | Noticed a black bear
  3773 | D:4      | Killed a black bear
  3774 | D:4      | Reached XP level 7. HP: 23/55 MP: 0/0
  3774 | D:4      | Learned a level 2 spell: Lesser Beckoning
  4235 | D:5      | Reached skill level 6 in Fighting
  4541 | D:5      | Found a bloodstained altar of Trog.
  4892 | D:5      | Found Tarhunz's Dragon-Slaying Spoils.
  4976 | D:5      | Reached * piety under Hepliaklqana
  5030 | D:5      | XOM: draining
  5138 | D:5      | Found a runed translucent door.
  5139 | D:5      | Noticed Crazy Yiuf
  5217 | D:6      | Noticed a steam dragon
  5498 | D:5      | XOM: god gift: 45 gold pieces
  5515 | D:6      | Killed a steam dragon
  5516 | D:6      | Reached XP level 8. HP: 34/55 MP: 0/0
  5686 | D:6      | Identified the +5 sling of Pandemonium {drain, Fly rElec
                  | SInv}
  5745 | D:6      | Reached skill level 7 in Fighting
  5929 | D:6      | XOM: give mutation
  5929 | D:6      | Gained mutation: You passively dampen the noise of your
                  | surroundings. [Xom's mischief]
  6225 | D:6      | Reached ** piety under Hepliaklqana
  6226 | D:6      | Remembered your ancestor Quintus as a knight
  6329 | D:6      | XOM: give mutations
  6329 | D:6      | Gained mutation: You have a pair of antennae on your head.
                  | [Xom's mischief]
  6329 | D:6      | Gained mutation: Your muscles are strong. (Str +4, Int/Dex
                  | -1) [Xom's mischief]
  6329 | D:6      | Gained mutation: You sometimes lose your temper in combat.
                  | [Xom's mischief]
  6373 | D:6      | XOM: give mutation
  6373 | D:6      | Gained mutation: You passively map a small area around you.
                  | [Xom's mischief]
  6642 | D:6      | XOM: give mutation
  6642 | D:6      | Gained mutation: You occasionally lose the ability to read
                  | scrolls when taking damage. [Xom's mischief]
  6855 | D:7      | Reached skill level 5 in Spellcasting
  6855 | D:7      | Reached skill level 5 in Conjurations
  6855 | D:7      | Reached skill level 5 in Hexes
  6855 | D:7      | Reached skill level 5 in Summonings
  6855 | D:7      | Reached skill level 5 in Necromancy
  6855 | D:7      | Reached skill level 5 in Translocations
  6855 | D:7      | Reached skill level 5 in Transmutations
  6855 | D:7      | Reached skill level 5 in Fire Magic
  6855 | D:7      | Reached skill level 5 in Ice Magic
  6855 | D:7      | Reached skill level 5 in Air Magic
  6855 | D:7      | Reached skill level 5 in Earth Magic
  6855 | D:7      | Reached skill level 5 in Poison Magic
  7155 | D:7      | Reached skill level 8 in Fighting
  7155 | D:7      | Reached XP level 9. HP: 35/63 MP: 0/0
  7155 | D:7      | Learned a level 3 spell: Dazzling Flash
  8029 | D:8      | Reached skill level 9 in Fighting
  8077 | D:8      | You are sucked into a shaft and drop 1 floor!
  8388 | D:8      | Reached *** piety under Hepliaklqana
  8613 | D:9      | Found a broken altar of Ashenzari.
  8617 | D:9      | Found a basalt altar of Yredelemnul.
  8619 | D:9      | Noticed an unseen horror
  8641 | D:9      | Killed an unseen horror
  8642 | D:9      | Reached XP level 10. HP: 42/71 MP: 0/0
  8700 | D:9      | Reached skill level 10 in Fighting
  9069 | D:9      | Found a sacrificial altar of Ru.
  9321 | D:9      | XOM: god gift: ring mail {god gift}
  9527 | D:1      | Bought the +4 leather armour of a treasure trove {rElec
                  | Stlth+} for 388 gold pieces
  9642 | D:5      | Killed Crazy Yiuf
  9825 | D:10     | Entered Level 10 of the Dungeon
  9829 | D:10     | XOM: noise
  9870 | D:10     | XOM: enchant monster (bad)
  9940 | D:10     | Reached skill level 11 in Fighting
  9947 | D:10     | Noticed a rime drake
  9959 | D:10     | Killed a rime drake
  9963 | D:10     | Found a staircase to the Lair.
  9987 | D:10     | Mangled by a polar bear

Illustrated notes

Levels and vault maps discovered:
D:1:      giann_wishing_wells, layout_loops_ring, serial_shops, shop,
          serial_bayou_lagoon_a
D:2:      layout_loops_ring, shapermc_ecumenical_altar_acropolis
D:3:      layout_loops_ring, serial_shops, shop, nicolae_shop_advertising_works
          [nicolae_subvault_shop_adworks], nicolae_diamond_shop
D:4:      layout_basic, minmay_temple_entry_enclosed_plants
D:5:      layout_basic, lemuel_round_altar, nicolae_shop_dragon_depot,
          reono_crystal_passage, uniq_crazy_yiuf_cottage
D:6:      layout_basic, corexii_corridor_pit
D:7:      layout_loops_ring
D:8:      layout_cave_pools
D:9:      layout_loops_ring, lemuel_coloured_pillars_altar,
          mainiacjoe_overflow_catwalk_spiral
D:10:     layout_basic, hellmonk_lair_entry_icy, david_orc_2, special_room
          [special_room_orc]
Temple:   mainiacjoe_temple_bowtie_tessellation

Skill      XL: |  1  2  3  4  5  6  7  8  9 10 |
---------------+-------------------------------+-----
Spellcasting   | 1 2 3 4 5 6 8 |  8.0
Conjurations   | 1 2 3 4 5 6 8 |  8.0
Hexes          | 1 2 3 4 5 6 8 |  8.0
Summonings     | 1 2 3 4 5 6 8 |  8.0
Necromancy     | 1 2 3 4 5 6 8 |  8.0
Translocations | 1 2 3 4 5 6 8 |  8.0
Transmutations | 1 2 3 4 5 6 8 |  8.0
Fire Magic     | 1 2 3 4 5 6 8 |  8.0
Ice Magic      | 1 2 3 4 5 6 8 |  8.0
Air Magic      | 1 2 3 4 5 6 8 |  8.0
Earth Magic    | 1 2 3 4 5 6 8 |  8.0
Poison Magic   | 1 2 3 4 5 6 8 |  8.0
Fighting       | 4 5 6 8 9 11 | 11.2
Long Blades    | |  2.6
Armour         | |  1.0
Dodging        | |  2.1

Action                     |  1- 3 |  4- 6 |  7- 9 | 10-12 || total
---------------------------+-------+-------+-------+-------++-------
  Melee: Falchion          |    57 |    60 |   229 |    62 ||   408
         Punch             |     1 |     2 |     8 |     1 ||    12
   Cast: Necrotise         |    43 |    22 |       |       ||    65
         Poisonous Vapours |       |    55 |   103 |    31 ||   189
         Dazzling Flash    |       |       |     3 |     3 ||     6
         Lesser Beckoning  |       |       |     1 |       ||     1
 Invoke: Ancestor Life: Kn |       |       |     1 |       ||     1
  Evoke: Wand              |       |       |     1 |       ||     1
   Stab: Distracted        |       |       |       |     1 ||     1
 Armour: Leather armour    |    70 |    77 |   273 |    82 ||   502
  Dodge: Dodged            |    43 |    58 |   184 |    50 ||   335

Table legend: (Time is in decaauts)
 A = Elapsed time spent in this place.
 B = Non-inter-level travel time spent in this place.
 C = Inter-level travel time spent in this place.
 D = Time resting spent in this place.
 E = Time spent auto-exploring this place.
 F = Levels seen in this place.
 G = Mean time per level.
                   A        B        C        D        E       F      G
               +--------+--------+--------+--------+--------+-----+--------+
         Total |  10102 |   9295 |    807 |   1376 |   6275 |  11 |  918.4 |
       Dungeon |  10050 |   9294 |    756 |   1376 |   6275 |  10 | 1005.0 |
        Temple |     52 |      1 |     51 |      0 |      0 |   1 |   52.0 |
               +--------+--------+--------+--------+--------+-----+--------+

Top non-repeatable levels by time:
     D:5: 1474 daAuts
     D:4: 1435 daAuts
     D:6: 1431 daAuts
     D:7: 1347 daAuts
     D:2: 993 daAuts
     D:3: 991 daAuts
     D:9: 840 daAuts
     D:1: 795 daAuts
     D:8: 569 daAuts
    D:10: 169 daAuts
  Temple: 52 daAuts
